 Dungeon Crawl Stone Soup version 0.29.1-2-gbd0b4ee654 (webtiles) character file.

Game seed: 9176231351236856626

521 qeuew the Poker (level 7, -2/55 HPs)
             Began as a Merfolk Fighter on Nov 9, 2022.
             Slain by a gnoll
             ... wielding a +1 spear of chaos
              (8 damage)
             ... on level 4 of the Dungeon.
             The game lasted 00:05:43 (3793 turns).

qeuew the Poker (Merfolk Fighter)                   Turns: 3793, Time: 00:05:44

Health: -2/55      AC:  9    Str: 17    XL:     7   Next: 21%
Magic:  7/7        EV: 11    Int:  6    God:
Gold:   183        SH:  5    Dex: 18    Spells: 6/6 levels left

rFire   + . .      SeeInvis +   a - +0 trident
rCold   + . .      Faith    .   c - +0 buckler
rNeg    . . .      Spirit   .   d - +0 scale mail {Will+}
rPois   +          Reflect  .   (no helmet)
rElec   +          Harm     .   (no cloak)
rCorr   +          Rampage  .   f - +1 pair of gloves
Will    +....      Clarity  +   (no boots)
Stlth   ..........              (no amulet)
HPRegen 0.18/turn               k - ring of see invisible
MPRegen 0.10/turn               (no ring)

@: resistant
A: (nimble swimmer 2), mertail, agile 1, clarity
a: no special abilities


You were on level 4 of the Dungeon.
You visited 1 branch of the dungeon, and saw 4 of its levels.

You collected 183 gold pieces.

Inventory:

Hand Weapons
 a - a +0 trident (weapon)
Armour
 c - a +0 buckler (worn)
 d - a +0 scale mail of willpower (worn)
 f - a +1 pair of gloves (worn)
Jewellery
 k - a ring of see invisible (left hand)
Wands
 b - a wand of polymorph (3)
 l - a wand of charming (9)
Scrolls
 i - a scroll of teleportation
 n - a scroll of magic mapping
Potions
 g - a potion of mutation
 h - a potion of resistance
 j - a potion of flight


   Skills:
 + Level 4.9 Fighting
 + Level 5.0 Polearms
 + Level 3.2 Armour
 + Level 4.0 Dodging
 + Level 4.4 Shields


You had 6 spell levels left.
You didn't know any spells.
Your spell library contained the following spells:

 Spells                   Type           Power      Damage    Failure   Level
 Apportation              Tloc           0%         N/A       91%         1
 Conjure Flame            Conj/Fire      0%         6-21      99%         3
 Ignite Poison            Fire/Tmut/Pois 0%         N/A       99%         3
 Sticky Flame             Conj/Fire      0%         2d3       100%        4
 Alistair's Intoxication  Tmut/Pois      0%         N/A       100%        5


Dungeon Overview and Level Annotations

Branches:
Dungeon (4/15)
 Temple: D:4-7

Altars:
Cheibriados
Hepliaklqana
Kikubaaqudgha
Nemelex Xobeh
Uskayaw

Annotations:
D:4 1 transporter


Innate Abilities, Weirdness & Mutations

((You are very nimble when in or above water. (Stealth+, EV+, Speed+++)))
Your lower body shifts to a powerful aquatic tail in water.
You are agile. (Dex +4, Str/Int -1)
You possess an exceptional clarity of mind.


Message History

You miss fleeber's ghost.
Fleeber's ghost is moderately damaged.
Fleeber's ghost misses you.
You hit fleeber's ghost.
Fleeber's ghost is heavily damaged.
Fleeber's ghost shrieks, "What do you have that I didn't have?"
Fleeber's ghost casts a spell at you.
The magic dart hits you but does no damage.
You puncture fleeber's ghost!
You destroy fleeber's ghost!
Your Polearms skill increases to level 5!
Your Dodging skill increases to level 4!
b - a wand of polymorph (3)
You start resting.
You feel a little less mighty now.
You start resting.
A gnoll is nearby!
You are too injured to fight recklessly!
You are too injured to fight recklessly!
The gnoll hits you from afar with a +1 halberd of pain.
* * * LOW HITPOINT WARNING * * *
You writhe in agony.
* * * LOW HITPOINT WARNING * * *
The gnoll barely misses you.
You hit the gnoll.
The gnoll is moderately wounded.
You hit the gnoll.
The gnoll is severely wounded.
You block the gnoll's attack. The gnoll barely misses you.
You completely miss the gnoll.
The gnoll is severely wounded.
The gnoll closely misses you. You block the gnoll's attack.
The gnoll closely misses you.
The gnoll hits you with a +1 halberd of pain!
* * * LOW HITPOINT WARNING * * *
You barely miss the gnoll.
The gnoll is severely wounded.
The gnoll closely misses you.
The gnoll hits you from afar with a +1 spear of chaos!
You die...

#.≈≈#..#8###8#..#≈≈.....#..
#.≈≈#8.###.###.8#≈≈.....#..
#.≈≈#...........#≈≈.##'###.
#.≈≈###.##'##.###≈≈.#...#..
#.≈≈..#.#.).#.#..≈≈........
#.≈≈.##.#⌠.⌠#.##.≈≈....###.
#.≈≈.#..#...#..#.≈≈....# #.
#.≈≈.##.##.##.##.≈≈....###+
#.....#.#g@.#.#..≈≈.##.###_
#....©#.'.©.g.#©.~~.##.###'
#.....#.#8⌠8#.#..≈≈.##.# #.
#.≈≈.##.#####.##.≈≈.##.###.
#.≈≈.#..#::"#.©#.≈≈.##.....
#.≈≈.##W#...#.##.≈≈.######.
#.≈≈..#.#g$$#.#..≈≈.# #)
#.≈≈###W##'##.###≈≈.### #.
#.≈≈#g...g......#≈≈...## #.


You could see 2 gnolls.

Vanquished Creatures
  Edmund (D:4)
  A black bear (D:4)
  The ghost of fleeber the Conjurer, an amateur DECj (D:4)
  A hound (D:4)
  2 orc wizards (D:3)
  Terence (D:2)
  A mummy (D:4)
  2 gnolls (D:4)
  5 adders
  3 worms
  A dart slug (D:2)
  3 orcs
  7 ball pythons
  6 bats
  5 endoplasms
  2 giant cockroaches (D:1)
  6 goblins
  5 hobgoblins
  2 jackals (D:4)
  4 kobolds
  2 quokkas
  6 frilled lizards
  2 rats
69 creatures vanquished.

Vanquished Creatures (others)
  6 plants (D:4)
6 creatures vanquished.

Grand Total: 75 creatures vanquished

Notes
Turn   | Place    | Note
-------+----------+-------------------------------------------
     0 | D:1      | qeuew the Merfolk Fighter began the quest for the Orb.
     0 | D:1      | Reached XP level 1. HP: 18/18 MP: 1/1
   336 | D:1      | Reached XP level 2. HP: 21/24 MP: 2/2
   414 | D:1      | Reached skill level 3 in Polearms
   492 | D:1      | Reached skill level 1 in Dodging
   708 | D:1      | Gained mutation: You are agile. (Dex +4, Str/Int -1)
                  | [potion of mutation]
   708 | D:1      | Gained mutation: You possess an exceptional clarity of
                  | mind. [potion of mutation]
   888 | D:2      | Reached XP level 3. HP: 29/29 MP: 3/3
  1099 | D:2      | Noticed Terence
  1109 | D:2      | Killed Terence
  1110 | D:2      | Reached XP level 4. HP: 27/37 MP: 4/4
  1277 | D:2      | Found a faded altar of an unknown god.
  1947 | D:3      | Reached XP level 5. HP: 14/42 MP: 5/5
  1951 | D:3      | HP: 2/42 [orc wizard/magic dart (8)]
  1956 | D:3      | Reached skill level 4 in Polearms
  2227 | D:3      | Found a faded altar of an unknown god.
  2231 | D:3      | Found a faded altar of an unknown god.
  2231 | D:3      | Found a hazy altar of Hepliaklqana.
  2234 | D:3      | Identified the +4 dagger "Wyicynur" {protect, rPois rCorr
                  | Dex-3}
  2478 | D:4      | Noticed a black bear
  2485 | D:4      | Killed a black bear
  2486 | D:4      | Reached XP level 6. HP: 31/49 MP: 6/6
  2716 | D:4      | Found a transporter.
  2725 | D:4      | Noticed fleeber's ghost (amateur DECj)
  2755 | D:4      | Found a transporter.
  2783 | D:4      | Found an ancient bone altar of Kikubaaqudgha.
  2884 | D:4      | Found a sparkling altar of Nemelex Xobeh.
  2909 | D:4      | Found a hide-covered altar of Uskayaw.
  2990 | D:4      | Noticed Edmund
  3006 | D:4      | HP: 2/49 [Edmund/+1 dire flail of protection (7)]
  3007 | D:4      | Killed Edmund
  3348 | D:4      | Found a snail-covered altar of Cheibriados.
  3361 | D:4      | Reached XP level 7. HP: 31/55 MP: 7/7
  3756 | D:4      | Killed fleeber's ghost
  3757 | D:4      | Reached skill level 5 in Polearms
  3793 | D:4      | Slain by a gnoll

Illustrated notes

Levels and vault maps discovered:
D:1:      ncdulo_lavacross, layout_basic, minmay_heptomino_d4
D:2:      layout_basic, hellmonk_ecumenical_altar_arch_garden, uniq_terence
D:3:      layout_rooms, nicolae_hepliaklqana_ecumenical_no_more
D:4:      layout_gridville, nicolae_uskayaw_suspiria, lemuel_doored_altar,
          mainiacjoe_overflow_alcove_1, chei_slow_surprise,
          gammafunk_ghost_gnarly_gnolls, uniq_edmund

Skill      XL: |  1  2  3  4  5  6  7 |
---------------+----------------------+-----
Polearms       | 3 4 5 |  5.0
Dodging        | 1 2 3 4 |  4.0
Fighting       | 4 |  4.9
Shields        | 4 |  4.4
Armour         | 3 |  3.2

Action                   |  1- 3 |  4- 6 |  7- 9 || total
-------------------------+-------+-------+-------++-------
Melee: Trident           |    86 |   168 |    25 ||   279
  Use: Scroll            |     3 |     7 |     1 ||    11
       Potion            |     3 |     5 |     2 ||    10
Armor: Scale mail        |    23 |    56 |     7 ||    86
Dodge: Dodged            |    35 |    63 |    15 ||   113
Block: Buckler           |    15 |    39 |     3 ||    57
